 Dungeon Crawl Stone Soup version 0.30-a0-718-geaa24f58ff (console) character file.

Game seed: 17474029347455170837

122416 jejorda2 the Phalangite (level 16, -4/127 HPs)
             Began as a Merfolk Berserker on Jan 25, 2023.
             Was a High Priest of Trog.
             Slain by an alligator (8 damage)
             ... on level 1 of the Swamp.
             The game lasted 01:17:34 (29533 turns).

jejorda2 the Phalangite (Merfolk Berserker)        Turns: 29533, Time: 01:17:35

Health: -4/127     AC: 35    Str: 19    XL:     16   Next: 87%
Magic:  16/16      EV: 13    Int:  6    God:    Trog [*****.]
Gold:   2589       SH:  0    Dex: 17    Spells: 15/15 levels left

rFire   . . .      SeeInvis .    a - +3 glaive (heavy)
rCold   + . .      Faith    +    (shield currently unavailable)
rNeg    . . .      Spirit   .    I - +18 Lear's hauberk
rPois   .          Reflect  .    (helmet currently unavailable)
rElec   +          Harm     .    P - +0 cloak
rCorr   +          Rampage  .    (gloves currently unavailable)
Will    +....                    (boots currently unavailable) Stlth
                                 m - amulet of faith
HPRegen 0.41/turn                e - ring of Buaghemu {rElec rC+ rCorr AC+4 Str-5}
MPRegen 0.15/turn                F - ring of flight

@: lethally poisoned (-4 -> -6), on berserk cooldown, flying, slowed, very slow
A: (nimble swimmer 2), mertail, thin skeletal structure 1
a: Renounce Religion, Berserk, Trog's Hand, Brothers in Arms


You were on level 1 of the Swamp.
You worshipped Trog.
Trog was extremely pleased with you.
You visited 4 branches of the dungeon, and saw 23 of its levels.
You also visited: Bailey, Gauntlet and Ice Cave.

You collected 2645 gold pieces.
You spent 56 gold pieces at shops.

Inventory:

Hand Weapons
 a - a +3 heavy glaive (weapon)
 b - a +3 halberd of flaming
 w - a +5 antimagic bardiche
Missiles
 d - 149 stones
 f - 24 poisoned darts
 s - 8 javelins
 A - 3 silver boomerangs
 B - 6 datura-tipped darts
 C - 16 boomerangs (quivered)
Armour
 I - the +18 Lear's hauberk (worn)
   (You found it on level 12 of the Dungeon)
 P - a +0 cloak (worn)
Jewellery
 c - a +4 ring of protection
 e - the ring of Buaghemu (left hand) {rElec rC+ rCorr AC+4 Str-5}
   (You found it in a Gauntlet)

   [ring of protection]

   AC:        It affects your AC (+4).
   Str:       It affects your strength (-5).
   rC:        It protects you from cold.
   rElec:     It insulates you from electricity.
   rCorr:     It protects you from acid and corrosion.
 j - a ring of positive energy
 m - an amulet of faith (around neck)
 F - a ring of flight (right hand)
 H - a ring of see invisible
 N - a ring of fire
Wands
 t - a wand of digging (5)
 y - a wand of light (18)
 K - a wand of paralysis (13)
 O - a wand of flame (4)
 S - a wand of iceblast (7)
Scrolls
 g - 2 scrolls of blinking
 i - 20 scrolls of teleportation
 k - a scroll of silence
 n - a scroll of magic mapping
 o - 5 scrolls of fear
 r - 3 scrolls of enchant weapon
 x - 4 scrolls of immolation
 L - 8 scrolls of identify
 Q - a scroll of butterflies
 R - a scroll of fog
Potions
 h - 7 potions of flight
 l - 4 potions of berserk rage
 p - 5 potions of mutation
 q - 2 potions of invisibility
 u - 3 potions of haste
 v - 3 potions of might
 z - 4 potions of curing
 D - 2 potions of attraction
 E - 5 potions of lignification
 G - 2 potions of resistance
 J - 2 potions of cancellation
 M - 6 potions of ambrosia


   Skills:
 + Level 12.2 Fighting
 + Level 23.6 Polearms
 - Level 16.0 Throwing
 - Level 12.0 Armour
 - Level 10.9 Dodging


You had 15 spell levels left.
You didn't know any spells.
Your spell library was empty.

Dungeon Overview and Level Annotations

Branches:
Dungeon (15/15)            Temple (0/1) D:5            Lair (5/5) D:8
  Swamp (1/4) Lair:2        Snake (0/4) Lair:3        Slime (0/5) Lair:5
    Orc (2/2) D:10            Elf (0/3) Orc:2        Vaults (0/5) D:13
 Depths (0/4) D:15         Bailey (visited)           IceCv (visited)
Gauntlet (visited)

Altars:
Ashenzari
Dithmenos
Hepliaklqana
Vehumet
Wu Jian
Jiyva

Shops:
D:2 *   D:13 (   D:15 !   Orc:2 *=**

Annotations:
Lair:3 2 transporters, Darius099's ghost, journeyman TrMo


Innate Abilities, Weirdness & Mutations

((You are very nimble when in or above water. (Stealth+, EV+, Speed+++)))
Your lower body shifts to a powerful aquatic tail in water.
You have a somewhat thin skeletal structure. (Dex +2, Stealth+)


Message History

You barely miss the alligator.
The alligator is lightly wounded.
You feel sick.
The alligator bites you but does no damage.
The alligator barely misses you. The alligator closely misses you.
The alligator misses you. x2
The alligator tail-slaps you but does no damage.
You carve the alligator like a ham!!!
The alligator is severely wounded.
You feel sick. The bunyip claws you!
* * * LOW HITPOINT WARNING * * *
The bunyip barely misses you.
The bunyip claws you but does no damage.
The alligator closely misses you. x2; The alligator bites you!
* * * LOW HITPOINT WARNING * * *
The alligator misses you.
The alligator bites you but does no damage.
The alligator tail-slaps you but does no damage.
You completely miss the alligator.
The alligator is severely wounded.
You feel sick. The alligator bites you!
* * * LOW HITPOINT WARNING * * *
The alligator closely misses you.
You open the alligator like a pillowcase!!!
You kill the alligator!
Trog accepts your kill.
You feel sick.
The alligator bites you but does no damage.
The alligator barely misses you.
The alligator bites you but does no damage.
The alligator closely misses you.
You feel a strong urge to attack something.
You feel sick.
You feel your anger nearly subside.
You are no longer berserk.
You are exhausted.
You feel yourself slow down.
You feel sick.
You feel sick. The alligator misses you. x2
The alligator attacks as you move away! The alligator misses you. x2
You feel sick. The alligator bites you!
You die...

♣♣[~~~~~..~~...
♣.~§~.§..~~~..~
♣.~~~~~..~~~~~~
♣.~~~~~.~~~~~~
♣.~~~~~~~~~~~~
♣~.~~†~§~§~~~~
♣♣..~~§~§~~§...~~.
♣~..x~~[...~...~~.
♣@t~t~~~......~~~~
♣.~~.~~~.~♣♣♣.~~~~
♣~~~.§~~.♣♣♣♣~.~~~
♣~~~.~§~♣♣♣♣~~~~~.
♣~§~....♣♣♣...~~~.
♣.~.....†.)...~~..
♣.~........~.....♣
♣♣§....####....~~~
♣♣~~^##≈≈~#P.~.~~


You could see a bunyip and 2 alligators.

Vanquished Creatures
  Rupert (D:12)
  Kirke (D:12)
  An orc warlord (D:10)
  A bunyip (Swamp:1)
  A minotaur (Gauntlet)
  A dire elephant (Lair:4)
  Snorg (Lair:5)
  A fire dragon (Lair:5)
  An entropy weaver (shapeshifter) (D:13)
  A vault guard (D:13)
  3 centaur warriors
  2 catoblepae
  The ghost of Palms the Slicer, a journeyman GnWn of Hepliaklqana (D:11)
  2 ogre magi (Orc:2)
  4 hydras
  5 boulder beetles
  12 two-headed ogres
  3 alligators
  Urug (Orc:2)
  The ghost of wormed the Thaumaturge, a journeyman DEFE of Vehumet (D:11)
  2 death yaks
  4 tengu warriors
  The ghost of Nabski the Destroyer, a journeyman TeFE of Gozag (D:11)
  Amaemon (Lair:2)
  A goliath frog (Swamp:1)
  2 glowing orange brains
  A spriggan druid (Swamp:1)
  2 deep trolls (Orc:1)
  A swamp dragon (Swamp:1)
  2 wizards
  2 deep elf archers (D:13)
  2 lindwurms
  Pikel (D:4)
  2 orc knights
  3 deep elf pyromancers
  4 orc sorcerers
  A shining eye (Gauntlet)
  20 ugly things
  9 cyclopes
  2 manticores
  7 elephants (Lair:4)
  13 slime creatures
  7 black mambas
  An eye of devastation (Lair:5)
  16 cane toads
  5 molten gargoyles
  An orange demon (Lair:2)
  2 gargoyles
  4 torpor snails
  An unseen horror (D:10)
  3 ice statues (IceCv)
  An unseen horror (shapeshifter) (D:13)
  4 efreet
  2 kobold demonologists
  5 rime drakes
  A freezing wraith (D:14)
  14 komodo dragons
  2 tengu conjurers
  A troll (shapeshifter) (D:14)
  3 meliai (D:15)
  6 polar bears
  A queen bee (D:15)
  12 trolls
  3 hornets
  A dream sheep (shapeshifter) (D:15)
  12 blink frogs
  5 dream sheep
  A dire elephant simulacrum (IceCv)
  A wraith (D:12)
  4 spriggans (Swamp:1)
  9 wyverns
  A vampire (D:14)
  2 water elementals (D:15)
  18 basilisks
  8 steam dragons
  48 yaks
  A hog (D:12)
  A golden eye (Gauntlet)
  A death yak simulacrum (IceCv)
  13 vampire mosquitoes
  Menkaure (D:7)
  5 wargs
  3 acid dragons
  3 swamp worms (Swamp:1)
  2 hydra simulacra (IceCv)
  18 water moccasins
  2 floating eyes
  3 hell hounds (Lair:5)
  27 orc warriors
  3 black bears
  2 ice beasts
  19 ogres
  17 wolves
  6 centaurs
  A lemure (D:4)
  2 phantoms
  A kobold brigand (D:10)
  20 bullfrogs
  3 scorpions
  2 necrophages (D:6)
  A two-headed ogre simulacrum (D:11)
  A cane toad simulacrum (IceCv)
  7 wights
  An elephant simulacrum (IceCv)
  20 killer bees
  3 howler monkeys
  8 electric eels
  10 lava snakes
  15 orc priests
  2 hounds
  3 iguanas
  24 orc wizards
  2 spriggan simulacra (D:11)
  11 hell rats (Lair:5)
  A polar bear simulacrum (IceCv)
  A troll simulacrum (D:11)
  Robin (D:1)
  7 adders
  8 gnolls (D:6)
  4 white imps
  107 orcs
  8 ball pythons
  9 endoplasms
  5 giant cockroaches
  15 goblins
  17 hobgoblins
  6 jackals
  8 quokkas
  7 bats
  3 frilled lizards
  17 kobolds
  6 rats
826 creatures vanquished.

Vanquished Creatures (collateral kills)
  A hydra (Lair:1)
  2 death yaks (Lair:4)
  2 blink frogs (Lair:5)
  A basilisk (Lair:5)
  4 yaks (Lair:5)
  A wolf (Lair:5)
11 creatures vanquished.

Vanquished Creatures (others)
  Erica (D:8)
  2 deep elf knights (D:13)
  A cane toad (Lair:2)
  A human (D:12)
  An orc wizard (D:10)
  A demonic plant (Gauntlet)
  52 fungi
  81 plants
140 creatures vanquished.

Grand Total: 977 creatures vanquished

Notes
Turn   | Place    | Note
-------+----------+-------------------------------------------
     0 | D:1      | jejorda2 the Merfolk Berserker began the quest for the Orb.
     0 | D:1      | Reached XP level 1. HP: 18/18 MP: 1/1
    62 | D:1      | Reached XP level 2. HP: 18/24 MP: 2/2
   717 | D:1      | Found a faded altar of an unknown god.
   760 | D:1      | Reached XP level 3. HP: 28/29 MP: 3/3
   869 | D:2      | Noticed Robin
   874 | D:2      | Found Xihogik's Assorted Antiques.
   948 | D:1      | Reached skill level 5 in Polearms
   978 | D:2      | Reached ** piety under Trog
   987 | D:1      | Killed Robin
   989 | D:1      | Reached XP level 4. HP: 37/37 MP: 4/4
  1199 | D:2      | Bought a fuming orange potion for 18 gold pieces
  1199 | D:2      | Bought a golden potion for 18 gold pieces
  1199 | D:2      | Bought a scroll labelled KANEUD TUSU for 20 gold pieces
  1672 | D:3      | Reached *** piety under Trog
  1685 | D:3      | Reached XP level 5. HP: 42/42 MP: 5/5
  1886 | D:3      | Reached skill level 6 in Polearms
  2001 | D:3      | Found an ornate altar of the Wu Jian Council.
  2485 | D:4      | Identified the +7 trident "Dragonbane" {flame, rC+ rCorr
                  | Str+2}
  2585 | D:4      | Reached XP level 6. HP: 49/49 MP: 6/6
  2716 | D:4      | Noticed Pikel
  2737 | D:4      | Killed Pikel
  2738 | D:4      | Reached skill level 5 in Fighting
  2738 | D:4      | Reached skill level 8 in Polearms
  2738 | D:4      | Reached skill level 5 in Dodging
  2738 | D:4      | Reached XP level 7. HP: 53/56 MP: 7/7
  3020 | D:4      | Reached skill level 9 in Polearms
  3036 | D:4      | Reached XP level 8. HP: 53/64 MP: 8/8
  3251 | D:4      | Reached **** piety under Trog
  3398 | D:5      | Entered Level 5 of the Dungeon
  3447 | D:5      | Reached skill level 10 in Polearms
  3488 | D:5      | Found a staircase to the Ecumenical Temple.
  4371 | D:6      | Identified 2 scrolls of acquirement
  4371 | D:6      | Acquired a +2 halberd of flaming
  4373 | D:6      | Acquired a manual of Armour
  4542 | D:6      | Reached skill level 11 in Polearms
  4542 | D:6      | Reached skill level 1 in Throwing
  4656 | D:6      | Reached XP level 9. HP: 71/71 MP: 9/9
  4698 | D:6      | Reached ***** piety under Trog
  5078 | D:6      | Reached skill level 12 in Polearms
  5290 | D:7      | Noticed a hornet
  5295 | D:7      | Killed a hornet
  5348 | D:7      | Noticed Menkaure
  5352 | D:7      | Killed Menkaure
  5630 | D:7      | Identified the +6 trident of Quschooz {freeze, Int+5}
  6045 | D:8      | Reached skill level 13 in Polearms
  6045 | D:8      | Reached skill level 5 in Armour
  6045 | D:8      | Reached XP level 10. HP: 79/79 MP: 10/10
  6067 | D:8      | Found a shadowy altar of Dithmenos.
  6090 | D:8      | Found a staircase to the Lair.
  6166 | D:8      | Found a flagged portal.
  6199 | Bailey   | Entered a bailey
  6809 | D:8      | Reached skill level 14 in Polearms
  7005 | D:8      | Reached skill level 5 in Throwing
  7185 | D:8      | Noticed Erica
  7194 | D:8      | Killed Erica
  7530 | D:9      | Reached XP level 11. HP: 87/87 MP: 11/11
  7558 | D:9      | Reached skill level 15 in Polearms
  7571 | D:9      | Reached ****** piety under Trog
  7571 | D:9      | Received a gift from Trog
  8777 | D:10     | Entered Level 10 of the Dungeon
  9201 | D:10     | Noticed a wizard
  9207 | D:10     | Killed a wizard
  9216 | D:10     | Noticed a two-headed ogre
  9223 | D:10     | Killed a two-headed ogre
  9232 | D:10     | Received a gift from Trog
  9315 | D:10     | Found a staircase to the Orcish Mines.
  9334 | D:10     | Found a radiant altar of Vehumet.
  9337 | D:10     | Noticed a two-headed ogre
  9344 | D:10     | Killed a two-headed ogre
  9463 | D:10     | Reached skill level 10 in Fighting
  9895 | Lair:1   | Entered Level 1 of the Lair of Beasts
 10340 | Lair:1   | Reached skill level 16 in Polearms
 10356 | Lair:1   | Reached XP level 12. HP: 98/98 MP: 12/12
 10562 | Lair:1   | Noticed a death yak
 10570 | Lair:1   | Killed a death yak
 10597 | Lair:1   | Noticed a six-headed hydra
 10601 | Lair:1   | Killed a six-headed hydra
 11175 | Lair:1   | Received a gift from Trog
 11822 | Lair:2   | Found a staircase to the Swamp.
 11839 | Lair:2   | Reached skill level 17 in Polearms
 12010 | Lair:2   | Found a gate leading to a gauntlet.
 12030 | Gauntlet | Entered a Gauntlet
 12030 | Gauntlet | Found a transporter.
 12039 | Gauntlet | Found a transporter.
 12054 | Gauntlet | Found a transporter.
 12059 | Gauntlet | Found a transporter.
 12061 | Gauntlet | Noticed a satyr
 12062 | Gauntlet | a satyr changed into a jorogumo
 12062 | Gauntlet | Noticed a jorogumo (glowing shapeshifter)
 12075 | Gauntlet | Noticed a green death
 12076 | Gauntlet | Found a transporter.
 12094 | Gauntlet | Found a transporter.
 12106 | Gauntlet | Found a transporter.
 12107 | Gauntlet | Noticed a dire elephant
 12118 | Gauntlet | Found a transporter.
 12124 | Gauntlet | Found a transporter.
 12124 | Gauntlet | Found a transporter.
 12139 | Gauntlet | Found a transporter.
 12142 | Gauntlet | Noticed an entropy weaver
 12145 | Gauntlet | Found a transporter.
 12156 | Gauntlet | Found a large runed translucent door.
 12157 | Gauntlet | Found a large runed translucent door.
 12158 | Gauntlet | Found a large runed translucent door.
 12158 | Gauntlet | Found a large runed translucent door.
 12159 | Gauntlet | Found a runed translucent gate.
 12160 | Gauntlet | Found a transporter.
 12160 | Gauntlet | Found a runed translucent gate.
 12161 | Gauntlet | Found a runed translucent gate.
 12162 | Gauntlet | Found a large runed translucent door.
 12162 | Gauntlet | Found a large runed translucent door.
 12163 | Gauntlet | Found a large runed translucent door.
 12164 | Gauntlet | Found a large runed translucent door.
 12173 | Gauntlet | Found a large runed translucent door.
 12173 | Gauntlet | Found a large runed translucent door.
 12173 | Gauntlet | Found a runed translucent door.
 12173 | Gauntlet | Found a runed translucent door.
 12174 | Gauntlet | Found a large runed translucent door.
 12175 | Gauntlet | Found a large runed translucent door.
 12177 | Gauntlet | Found a transporter.
 12185 | Gauntlet | Found a large runed translucent door.
 12185 | Gauntlet | Found a large runed translucent door.
 12186 | Gauntlet | Found a large runed translucent door.
 12187 | Gauntlet | Found a large runed translucent door.
 12197 | Gauntlet | Found a transporter.
 12205 | Gauntlet | Noticed a catoblepas
 12224 | Gauntlet | Found a transporter.
 12244 | Gauntlet | Found a transporter.
 12305 | Gauntlet | Noticed an entropy weaver
 12312 | Gauntlet | an orb spider changed into a two-headed ogre
 12312 | Gauntlet | Noticed a two-headed ogre (glowing shapeshifter)
 12315 | Gauntlet | a two-headed ogre changed into a wolf spider
 12327 | Gauntlet | a sea snake changed into an anaconda
 12327 | Gauntlet | Noticed an anaconda (glowing shapeshifter)
 12329 | Gauntlet | an entropy weaver changed into a rime drake
 12333 | Gauntlet | a tyrant leech changed into an eight-headed hydra
 12333 | Gauntlet | Noticed an eight-headed hydra (glowing shapeshifter)
 12340 | Gauntlet | an eight-headed hydra changed into a spark wasp
 12340 | Gauntlet | Noticed a spark wasp (glowing shapeshifter)
 12342 | Gauntlet | a spark wasp changed into a great orb of eyes
 12342 | Gauntlet | Noticed a great orb of eyes (glowing shapeshifter)
 12343 | Gauntlet | a great orb of eyes changed into a slime creature
 12410 | Gauntlet | Found a transporter.
 12414 | Gauntlet | Paralysed by a floating eye for 3 turns
 12426 | Gauntlet | Gained mutation: You have a somewhat thin skeletal
                  | structure. (Dex +2, Stealth+) [a shining eye]
 12517 | Gauntlet | Killed a catoblepas
 12651 | Gauntlet | Reached XP level 13. HP: 108/108 MP: 13/13
 12666 | Gauntlet | Identified the ring of Buaghemu {rElec rC+ rCorr AC+4
                  | Str-5}
 12734 | Gauntlet | Noticed a minotaur
 12741 | Gauntlet | Killed a minotaur
 13132 | Lair:2   | Reached skill level 10 in Throwing
 13181 | Lair:2   | Reached skill level 18 in Polearms
 13311 | Lair:2   | Noticed Amaemon
 13334 | Lair:2   | Killed Amaemon
 14027 | Lair:3   | Noticed Darius099's ghost (journeyman TrMo)
 14029 | Lair:3   | Found a transporter.
 14037 | Lair:3   | Found a transporter.
 14219 | Lair:3   | Found a staircase to the Snake Pit.
 15094 | Lair:4   | Reached skill level 19 in Polearms
 15693 | Lair:4   | Reached skill level 10 in Armour
 15898 | Lair:4   | Reached XP level 14. HP: 90/115 MP: 14/14
 16404 | Lair:4   | Noticed a dire elephant
 16417 | Lair:4   | Killed a dire elephant
 16444 | Lair:4   | Reached skill level 20 in Polearms
 16701 | Lair:5   | Entered Level 5 of the Lair of Beasts
 16843 | Lair:5   | Received a gift from Trog
 16982 | Lair:5   | Found a large runed translucent door.
 17429 | Lair:5   | Found a large runed translucent door.
 18384 | Lair:5   | Received a gift from Trog
 18490 | Lair:5   | Noticed Snorg
 18502 | Lair:5   | Killed Snorg
 18810 | Lair:5   | Found a viscous altar of Jiyva.
 18811 | Lair:5   | Found a staircase to the Slime Pits.
 18813 | Lair:5   | Paralysed by a floating eye for 2 turns
 19390 | D:11     | Found a runed translucent gate.
 19390 | D:11     | Found a runed translucent gate.
 19390 | D:11     | Found a runed translucent gate.
 19390 | D:11     | Noticed Nabski's ghost (journeyman TeFE)
 19391 | D:11     | Noticed wormed's ghost (journeyman DEFE)
 19391 | D:11     | Noticed Palms's ghost (journeyman GnWn)
 19481 | D:11     | Found a frozen archway.
 19663 | IceCv    | Entered an ice cave
 20129 | IceCv    | Reached XP level 15. HP: 100/120 MP: 5/15
 20188 | IceCv    | Identified the +3 pair of gloves of Tender Moments {Harm
                  | rC+}
 20368 | D:11     | Found a broken altar of Ashenzari.
 20936 | D:11     | Killed Palms's ghost
 20937 | D:11     | Reached skill level 10 in Dodging
 20945 | D:11     | Killed Nabski's ghost
 20946 | D:11     | Killed wormed's ghost
 21280 | D:12     | Noticed Rupert
 21290 | D:12     | Killed Rupert
 21291 | D:12     | Reached skill level 21 in Polearms
 21489 | D:12     | Noticed Kirke
 21499 | D:12     | Killed Kirke
 21619 | D:12     | Found the +18 Lear's hauberk
 21886 | D:13     | Found Buheymoi's Antique Weapon Shop.
 22304 | D:13     | Found a gate to the Vaults.
 23763 | D:14     | Received a gift from Trog
 24408 | D:15     | Entered Level 15 of the Dungeon
 24860 | D:15     | Found Yngot's Distillery.
 24999 | D:15     | Reached skill level 22 in Polearms
 25012 | D:15     | Reached XP level 16. HP: 51/127 MP: 5/16
 25447 | D:15     | Received a gift from Trog
 25701 | D:15     | Found a staircase to the Depths.
 26013 | D:15     | Found a hazy altar of Hepliaklqana.
 26114 | D:15     | Reached skill level 15 in Throwing
 26623 | Orc:1    | Entered Level 1 of the Orcish Mines
 26890 | Orc:1    | Paralysed by an orc sorcerer for 3 turns
 27100 | Orc:1    | Received a gift from Trog
 27365 | Orc:2    | Entered Level 2 of the Orcish Mines
 27365 | Orc:2    | Found Kikla's Assorted Antiques.
 27365 | Orc:2    | Found a staircase to the Elven Halls.
 27387 | Orc:2    | Noticed Urug
 27523 | Orc:1    | Reached skill level 23 in Polearms
 28528 | Orc:2    | Found Ekhicil's Jewellery Boutique.
 28528 | Orc:2    | Found Agilyaf's General Store.
 28529 | Orc:2    | Found Xuehedd's General Store.
 28613 | Orc:2    | Killed Urug
 28731 | Orc:2    | Received a gift from Trog
 29162 | Swamp:1  | Entered Level 1 of the Swamp
 29527 | Swamp:1  | HP: 9/190 [poison (poison gas)]
 29532 | Swamp:1  | HP: 4/127 [poison (poison gas)]
 29533 | Swamp:1  | Slain by an alligator

Illustrated notes

Levels and vault maps discovered:
D:1:      dpeg_arrival_round_b, layout_loops_ring, ebering_ecumenical_altar_webs
D:2:      layout_rooms, serial_shops, shop, uniq_robin
D:3:      minmay_angry_zag, layout_rooms, mainiacjoe_overflow_cross_hatched,
          serial_curves, eino_curves_01, eino_curves_02
D:4:      minmay_clustersquares, layout_basic, uniq_pikel
D:5:      layout_basic, minmay_temple_entry_junction, minmay_misc_feat_enclosed,
          minivault_5
D:6:      layout_loops_ring
D:7:      layout_cave_pools, uniq_menkaure
D:8:      layout_basic, mainiacjoe_overflow_brackets, dpeg_oklobed_lair,
          enter_bailey_6, glass_columns_c, uniq_erica
D:9:      layout_basic, nicolae_benzene_ring
D:10:     layout_roguey, nicolae_overflow_crystal_walls, hiddenorc2_lemuel,
          minmay_fractal_squares_diagonal_5
D:11:     layout_long_grid, gammafunk_ghost_cemetery,
          portal_ice_cave_entry_ice_simulacra, eino_curves_04,
          serial_bayou_ford_a, hangedman_decor_points, nicolae_water_bricks,
          evilmike_ruin_ashenzari
D:12:     layout_loops_ring, uniq_kirke, uniq_rupert
D:13:     layout_irregular_city, david_vaults_5, serial_shops, shop
D:14:     cheibrodos_magma_flow, layout_layer_cave, serial_bayou_pond_d,
          hangedman_decor_lopped
D:15:     gammafunk_enter_depths_forms, layout_loops_ring, serial_shops, shop,
          special_room [special_room_bee], serial_bayou, serial_bayou_crossing,
          serial_bayou_shore_a, serial_bayou_shore_b, serial_bayou_pond_b,
          nicolae_hepliaklqana_hazy_memory
Lair:1:   layout_cave_pods, nzn_random_ring, serial_bayou_shore_b
Lair:2:   layout_chaotic_city, swamp_mist_pool, gauntlet_entry_generic,
          nicolae_quartered_pool_little, uniq_amaemon
Lair:3:   layout_cave_pods, minmay_snake_entry_six_corridors,
          gammafunk_ghost_arena, cheibrodos_lair_lostbears
Lair:4:   layout_cave_pods, nicolae_lair_lakeside_cave, grunt_megastairs_1,
          serial_bayou_shore_b, lemuel_fruit_tree
Lair:5:   cheibrodos_lair_end_hotspot, layout_small_grid,
          minmay_slime_entry_eyes, special_room [special_room_mythical_zoo],
          kennysheep_basilisk_garden, uniq_snorg
Swamp:1:  layout_basic_swamp, evilmike_swamp_ruin_house_2,
          nicolae_swamp_well_well_well, infiniplex_staircase_pool_2
Orc:1:    layout_caves
Orc:2:    st_orc_open, layout_caves, uniq_urug

Skill      XL: |  1  2  3  4  5  6  7  8  9 10 11 12 13 14 15 16 |
---------------+-------------------------------------------------+-----
Dodging        | 3 4 5 6 9 10 | 10.9
Polearms       | 5 6 8 9 11 13 14 16 17 19 20 22 23 | 23.6
Fighting       | 4 5 6 7 8 10 12 | 12.2
Armour         | 3 5 6 8 9 10 11 12 | 12.0
Throwing       | 1 3 5 7 9 11 13 14 16 | 16.0

Action                     |  1- 3 |  4- 6 |  7- 9 | 10-12 | 13-15 | 16-18 || total
---------------------------+-------+-------+-------+-------+-------+-------++-------
  Melee: Spear             |    40 |       |       |       |       |       ||    40
         Trident           |    50 |   202 |   165 |       |       |       ||   417
         Punch             |     1 |       |     1 |       |       |       ||     2
         Halberd           |       |       |    54 |   673 |   456 |     9 ||  1192
         Tailslap          |       |       |     1 |     7 |    14 |     3 ||    25
         Bardiche          |       |       |       |       |   687 |   249 ||   936
         Glaive            |       |       |       |       |       |   198 ||   198
  Throw: Stone             |       |       |       |    24 |    38 |       ||    62
         Boomerang         |       |       |       |    18 |    14 |     6 ||    38
         Dart              |       |       |       |       |    15 |    22 ||    37
         Javelin           |       |       |       |       |     1 |     2 ||     3
 Invoke: Berserk           |     2 |     3 |     4 |    10 |    20 |     6 ||    45
         Trog's Hand       |       |       |     1 |    12 |    12 |     3 ||    28
         Brothers in Arms  |       |       |       |     1 |     4 |       ||     5
  Evoke: Wand              |       |       |       |       |     4 |     1 ||     5
    Use: Scroll            |       |       |    24 |    10 |     6 |       ||    40
         Potion            |       |       |       |     5 |       |       ||     5
   Stab: Sleeping          |     2 |       |       |       |       |       ||     2
         Paralysed         |       |       |       |       |     1 |       ||     1
         Invisible         |       |       |       |       |     2 |     3 ||     5
 Armour: Leather armour    |    14 |    20 |       |       |       |       ||    34
         Animal skin       |     5 |       |       |       |       |       ||     5
         Ring mail         |       |     4 |       |       |       |       ||     4
         Chain mail        |       |    22 |    68 |   195 |   359 |   340 ||   984
         Fire dragon scale |       |       |       |       |   137 |       ||   137
         Skin              |       |       |       |       |       |     2 ||     2
  Dodge: Dodged            |    59 |    82 |    66 |   182 |   517 |   348 ||  1254
         Repelled          |       |       |       |       |     1 |       ||     1

Table legend: (Time is in decaauts)
 A = Elapsed time spent in this place.
 B = Non-inter-level travel time spent in this place.
 C = Inter-level travel time spent in this place.
 D = Time resting spent in this place.
 E = Time spent auto-exploring this place.
 F = Levels seen in this place.
 G = Mean time per level.
                   A        B        C        D        E       F      G
               +--------+--------+--------+--------+--------+-----+--------+
         Total |  29241 |  27543 |   1698 |   4416 |  17464 |  26 | 1124.7 |
       Dungeon |  16327 |  15264 |   1063 |   1441 |  10777 |  15 | 1088.5 |
          Lair |   8422 |   7890 |    532 |   1368 |   5078 |   5 | 1684.4 |
         Swamp |    347 |    347 |      0 |      0 |    264 |   1 |  347.0 |
  Orcish Mines |   2172 |   2070 |    102 |    801 |    906 |   2 | 1086.0 |
        Bailey |    513 |    513 |      0 |    161 |    102 |   1 |  513.0 |
      Ice Cave |    571 |    571 |      0 |    378 |      0 |   1 |  571.0 |
      Gauntlet |    888 |    888 |      0 |    265 |    335 |   1 |  888.0 |
               +--------+--------+--------+--------+--------+-----+--------+

Top non-repeatable levels by time:
  Lair:5: 2377 daAuts
  Lair:1: 1801 daAuts
    D:15: 1757 daAuts
  Lair:4: 1732 daAuts
    D:14: 1665 daAuts
   Orc:1: 1641 daAuts
  Lair:2: 1403 daAuts
     D:9: 1360 daAuts
    D:10: 1318 daAuts
     D:4: 1290 daAuts
    D:13: 1195 daAuts
    D:11: 1147 daAuts
  Lair:3: 1106 daAuts
     D:5: 1024 daAuts
     D:1: 1017 daAuts
